 Dungeon Sprint DCSS version 0.31-a0-983-g7b6862f502 (webtiles) character file.

Game seed: 5419261330241683725

12971 rocky1 the Impaler (level 11, -5/111 HPs)
             Began as a Minotaur Fighter on Nov 3, 2023.
             Was a High Priest of Okawaru.
             Slain by a rust devil (8 damage)
             ... summoned by an obsidian statue
             ... in the Dungeon (Sprint III: "The Ten Rune Challenge").
             The game lasted 00:09:53 (3438 turns).

rocky1 the Impaler (Minotaur Fighter)               Turns: 3438, Time: 00:09:54

Health: -5/111     AC:  2    Str: 22      XL:     11   Next: 69%
Magic:  17/17      EV:  9    Int:  3 (5)  God:    Okawaru [*****.]
Gold:   1671       SH:  7    Dex: 13      Spells: 10/10 levels left

rFire   . . .        a - +0 trident
rCold   . . .        c - +0 buckler
rNeg    . . .        g - +0 plate armour
rPois   .            (helmet restricted)
rElec   .            q - +0 cloak {Will+}
rCorr   .            (no gloves)
SInv    .            (no boots)
Will    +....        (no amulet) Stlth
                     (no ring)
HPRegen 0.38/turn    (no ring)
MPRegen 0.15/turn

%: no teleportation
@: corroded
A: horns 2, retaliatory headbutt
a: Renounce Religion, Heroism, Finesse


You were in the Dungeon.
You worshipped Okawaru.
Okawaru was extremely pleased with you.
You visited 1 branch You collected 1936 gold pieces.
You spent 265 gold pieces at shops.

Inventory:

Hand Weapons
 a - a +0 trident (weapon)
 b - a +0 glaive
 r - a +1 eveningstar of protection
 t - a +0 scythe of distortion
Missiles
 i - 7 boomerangs (quivered)
 m - a silver javelin
 s - 5 javelins
 u - 7 curare-tipped darts
Armour
 c - a +0 buckler (worn)
 g - a +0 plate armour (worn)
 q - a +0 cloak of willpower (worn)
Scrolls
 j - a scroll of blinking
 l - a scroll of immolation
 o - a scroll of torment {unknown}
Potions
 e - 2 potions of curing
 f - 2 potions of heal wounds
 h - 2 potions of magic
 k - 5 potions of mutation
 n - a potion of brilliance
 p - a potion of enlightenment
Miscellaneous
 d - a tin of tremorstones (2/2)


   Skills:
 + Level 14.8 Fighting
 * Level 19.4 Polearms
 * Level 6.0 Throwing
 + Level 15.7 Armour
 + Level 5.0 Dodging
 + Level 11.6 Shields
 * Level 9.9 Invocations
 * Level 8.0 Evocations


You had 10 spell levels left.
You didn't know any spells.
Your spell library contained the following spells:

 Spells                   Type           Power      Damage    Failure   Level
 Ozocubu's Armour         Ice            0%         N/A       100%        3
 Ozocubu's Refrigeration  Ice            0%         4d7       100%        7


Dungeon Overview and Level Annotations

Branches:
Dungeon (1/1)

Altars:
Cheibriados
Dithmenos
Elyvilon
Fedhas
Gozag
Hepliaklqana
Kikubaaqudgha
Makhleb
Nemelex Xobeh
Okawaru
Qazlal
Ru
Sif Muna
Trog
Uskayaw
Vehumet
Wu Jian
Xom
Yredelemnul
Zin
The Shining One
Jiyva
Lugonu

Shops:
D *

Annotations:
D exclusion: obsidian statue


Innate Abilities, Weirdness & Mutations

You have a pair of horns on your head.
You reflexively headbutt those who attack you in melee.


Message History

You headbutt the chaos spawn, but do no damage.
You hit the obsidian statue but do no damage.
You headbutt the obsidian statue, but do no damage.
The obsidian statue is heavily damaged.
The ufetubus hits you but does no damage.
The ufetubus barely misses you. The crimson imp hits you.
You hit the obsidian statue but do no damage.
The obsidian statue is heavily damaged.
The ufetubus completely misses you.
The ufetubus hits you but does no damage.
The shadow imp barely misses you. The rust devil hits you.
The rust devil corrodes you! The chaos spawn hits you! Space warps around you.
You puncture the obsidian statue!
You headbutt the obsidian statue, but do no damage.
The obsidian statue is severely damaged.
You block the ufetubus's attack.
The ufetubus hits you but does no damage.
The obsidian statue slips into the dungeon's darkness for a moment.
The crimson imp hits you. You block the shadow imp's attack.
You hit the obsidian statue but do no damage.
The obsidian statue is severely damaged.
The ufetubus barely misses you. You furiously retaliate!
You headbutt the ufetubus. The ufetubus hits you. The rust devil misses you.
The chaos spawn hits you!
* * * LOW HITPOINT WARNING * * *
The chaos spawn shocks you!
* * * LOW HITPOINT WARNING * * *
You puncture the obsidian statue!
The obsidian statue is severely damaged.
The crimson imp barely misses you. You furiously retaliate!
You headbutt the crimson imp, but do no damage.
The ufetubus hits you.
* * * LOW HITPOINT WARNING * * *
You block the ufetubus's attack. You block the shadow imp's attack.
The chaos spawn hits you!
* * * LOW HITPOINT WARNING * * *
The chaos spawn shocks you.
* * * LOW HITPOINT WARNING * * *
The rust devil hits you!
You die...

#.....# ≈
#'#####
#.....+
#.##### #.#
#.# #.# ##
#.# ###8#
#.# ###4@4#
#.#+#.§555#
#.#.§§§§§§#
#.#..§§§§§#
#..§§..§§.#
#########.#
... ....
...


You could see an obsidian statue, a rust devil (summoned), a chaos spawn
(summoned), a crimson imp (summoned), a shadow imp (summoned) and an ufetubus
(summoned).

Vanquished Creatures
  Sigmund (D)
  Josephine (D)
  A centaur warrior (D)
  Urug (D)
  A deep elf knight (D)
  A lindwurm (D)
  A deep elf zephyrmancer (D)
  4 deep elf pyromancers (D)
  2 cane toads (D)
  Edmund (D)
  A komodo dragon (D)
  An unseen horror (D)
  A rime drake (D)
  3 wandering mushrooms (D)
  2 orc high priests (D)
  2 tyrant leeches (D)
  5 blink frogs (D)
  A shadow (D)
  3 redbacks (D)
  A spatial vortex (D)
  A swamp drake (D)
  3 orc warriors (D)
  2 centaurs (D)
  An earth elemental (D)
  A scorpion (D)
  A necrophage (D)
  A water elemental (D)
  A jelly (D)
  4 orc priests (D)
  Jessica (D)
  An arcanist (D)
  An orc wizard (D)
  A necromancer (D)
  3 humans (D)
  A kobold demonologist (D)
  12 orcs (D)
  2 endoplasms (D)
71 creatures vanquished.

Notes
Turn   | Place    | Note
-------+----------+-------------------------------------------
     0 | D        | rocky1 the Minotaur Fighter began the quest for the Orb.
     0 | D        | Reached XP level 1. HP: 19/19 MP: 0/0
    20 | D        | Noticed Jessica
    23 | D        | Killed Jessica
    24 | D        | Reached skill level 5 in Fighting
    24 | D        | Reached skill level 3 in Polearms
    24 | D        | Reached skill level 5 in Armour
    24 | D        | Reached skill level 5 in Shields
    24 | D        | Reached XP level 2. HP: 29/29 MP: 1/1
    24 | D        | Reached XP level 3. HP: 36/36 MP: 2/2
   279 | D        | Noticed a scorpion
   284 | D        | Killed a scorpion
   285 | D        | Reached skill level 4 in Polearms
   285 | D        | Reached XP level 4. HP: 42/45 MP: 3/3
   307 | D        | Noticed a water elemental
   309 | D        | Killed a water elemental
   310 | D        | Reached skill level 5 in Polearms
   310 | D        | Reached XP level 5. HP: 52/52 MP: 4/4
   447 | D        | Found a hide-covered altar of Uskayaw.
   447 | D        | Found an iron altar of Okawaru.
   447 | D        | Found a bloodstained altar of Trog.
   447 | D        | Found an ornate altar of the Wu Jian Council.
   447 | D        | Noticed a human
   447 | D        | Noticed a human
   455 | D        | Killed a human
   456 | D        | Reached skill level 6 in Polearms
   456 | D        | Reached skill level 1 in Dodging
   456 | D        | Reached XP level 6. HP: 58/62 MP: 5/5
   459 | D        | Killed a human
   460 | D        | Reached skill level 7 in Polearms
   460 | D        | Reached skill level 10 in Armour
   463 | D        | Became a worshipper of Warmaster Okawaru
   467 | D        | Found a glowing silver altar of Zin.
   467 | D        | Found a glowing golden altar of the Shining One.
   467 | D        | Found a white marble altar of Elyvilon.
   467 | D        | Noticed a deep elf pyromancer
   471 | D        | Killed a deep elf pyromancer
   471 | D        | Reached * piety under Okawaru
   472 | D        | Reached skill level 10 in Fighting
   472 | D        | Reached skill level 9 in Polearms
   472 | D        | Reached XP level 7. HP: 67/73 MP: 5/8
   476 | D        | Found a radiant altar of Vehumet.
   476 | D        | Found a shimmering blue altar of Sif Muna.
   476 | D        | Found an ancient bone altar of Kikubaaqudgha.
   489 | D        | Found a basalt altar of Yredelemnul.
   489 | D        | Found a shadowy altar of Dithmenos.
   489 | D        | Found a sacrificial altar of Ru.
   511 | D        | Reached XP level 8. HP: 71/81 MP: 9/9
   552 | D        | Reached skill level 10 in Polearms
   586 | D        | Found a blossoming altar of Fedhas.
   586 | D        | Found a stormy altar of Qazlal.
   586 | D        | Found a snail-covered altar of Cheibriados.
   586 | D        | Found a burning altar of Makhleb.
   586 | D        | Found a shimmering altar of Xom.
   587 | D        | Found a hazy altar of Hepliaklqana.
   587 | D        | Found an opulent altar of Gozag.
   587 | D        | Found a sparkling altar of Nemelex Xobeh.
   587 | D        | Found a corrupted altar of Lugonu.
   587 | D        | Found a viscous altar of Jiyva.
   596 | D        | Reached ** piety under Okawaru
   679 | D        | Noticed Josephine
   694 | D        | Killed Josephine
   694 | D        | Reached *** piety under Okawaru
   695 | D        | Reached skill level 12 in Polearms
   695 | D        | Reached skill level 10 in Shields
   695 | D        | Reached skill level 5 in Invocations
   740 | D        | Reached XP level 9. HP: 71/90 MP: 10/12
   899 | D        | Noticed a centaur warrior
   910 | D        | Reached skill level 13 in Polearms
   919 | D        | Killed a centaur warrior
   920 | D        | Reached skill level 14 in Polearms
  1032 | D        | Found Sootimol's General Store.
  1040 | D        | Reached **** piety under Okawaru
  1282 | D        | Bought 2 potions of heal wounds for 100 gold pieces
  1282 | D        | Bought a +0 cloak of willpower for 115 gold pieces
  1282 | D        | Bought a potion of heal wounds for 50 gold pieces
  1343 | D        | Killed an unseen horror
  1344 | D        | Reached skill level 15 in Polearms
  1396 | D        | Noticed a wandering mushroom
  1401 | D        | Noticed a wandering mushroom
  1421 | D        | Killed a wandering mushroom
  1422 | D        | Noticed a wandering mushroom
  1434 | D        | Killed a wandering mushroom
  1453 | D        | Killed a wandering mushroom
  1454 | D        | Reached skill level 16 in Polearms
  1454 | D        | Reached XP level 10. HP: 100/100 MP: 14/14
  1560 | D        | Noticed a cane toad
  1560 | D        | Noticed a cane toad
  1562 | D        | Killed a cane toad
  1562 | D        | Killed a cane toad
  1562 | D        | Reached ***** piety under Okawaru
  1563 | D        | Reached skill level 5 in Evocations
  1612 | D        | Reached skill level 17 in Polearms
  1633 | D        | Received a gift from Okawaru
  1860 | D        | Noticed a lindwurm
  1869 | D        | Killed a lindwurm
  1870 | D        | Reached skill level 1 in Throwing
  2002 | D        | Noticed Urug
  2021 | D        | Killed Urug
  2182 | D        | Reached skill level 18 in Polearms
  2529 | D        | Reached XP level 11. HP: 80/108 MP: 16/16
  2712 | D        | Noticed a deep elf knight
  2712 | D        | Noticed a deep elf pyromancer
  2712 | D        | Noticed a deep elf pyromancer
  2712 | D        | Noticed a deep elf pyromancer
  2712 | D        | Noticed a deep elf zephyrmancer
  2733 | D        | Killed a deep elf knight
  2733 | D        | Received a gift from Okawaru
  2739 | D        | Killed a deep elf pyromancer
  2743 | D        | Killed a deep elf pyromancer
  2762 | D        | Killed a deep elf zephyrmancer
  2771 | D        | Killed a deep elf pyromancer
  2772 | D        | Noticed a deep elf high priest
  2984 | D        | Noticed Sigmund
  2984 | D        | Noticed Edmund
  3001 | D        | Killed Sigmund
  3002 | D        | Reached skill level 19 in Polearms
  3002 | D        | Reached skill level 5 in Throwing
  3002 | D        | Reached skill level 15 in Armour
  3023 | D        | Killed Edmund
  3149 | D        | Noticed a sixfirhy
  3164 | D        | Reached skill level 5 in Dodging
  3416 | D        | Noticed an obsidian statue
  3438 | D        | HP: 3/111 [chaos spawn[an obsidian statue] (6)]
  3438 | D        | Slain by a rust devil

Illustrated notes

Levels and vault maps discovered:
D:        dungeon_sprint_mu [sprint_mu_entry_cave, sprint_mu_temple_rooms,
          sprint_mu_d1_horrors, sprint_mu_d2_genie, sprint_mu_d3_branching,
          sprint_mu_orc_legion, sprint_mu_elf_gauntlet, sprint_mu_hive_nellie,
          sprint_mu_lair_fedhas, sprint_mu_vaults_butterflies,
          sprint_mu_slime_circle, sprint_mu_swamp_cave, sprint_mu_shoals_archi,
          sprint_mu_blade_basic, sprint_mu_crypt_fortress,
          sprint_mu_tomb_spiral, sprint_mu_vestibule_basic,
          sprint_mu_gehenna_hellfire, sprint_mu_dis_giant,
          sprint_mu_tartarus_statrot, sprint_mu_cocytus_islands, sprint_mu_zot1]

Skill      XL: |  1  2  3  4  5  6  7  8  9 10 11 |
---------------+----------------------------------+-----
Fighting       | 5 6 7 8 10 11 12 13 14 | 14.8
Armour         | 5 7 8 9 11 12 13 14 15 | 15.7
Shields        | 5 6 7 8 9 10 11 | 11.6
Polearms       | 3 4 5 6 9 12 16 18 19 | 19.4
Dodging        | 1 2 3 4 5 |  5.0
Invocations    | 3 5 7 8 9 |  9.9
Evocations     | 2 4 6 8 |  8.0
Throwing       | 3 6 |  6.0

Action                     |  1- 3 |  4- 6 |  7- 9 | 10-12 || total
---------------------------+-------+-------+-------+-------++-------
  Melee: Trident           |    33 |    15 |   141 |   273 ||   462
         Headbutt          |     6 |     3 |    23 |    54 ||    86
  Throw: Boomerang         |       |       |       |     1 ||     1
 Invoke: Heroism           |       |       |     1 |     1 ||     2
  Evoke: Tin of tremorston |       |       |     2 |     3 ||     5
    Use: Potion            |       |     3 |       |     2 ||     5
         Scroll            |       |       |       |     3 ||     3
   Stab: Confused          |       |       |       |     1 ||     1
 Armour: Scale mail        |    18 |     6 |    34 |       ||    58
         Plate armour      |       |       |    11 |   145 ||   156
  Dodge: Dodged            |     7 |     3 |    15 |    56 ||    81
  Block: Buckler           |     5 |       |    17 |    42 ||    64

Table legend: (Time is in decaauts)
 A = Elapsed time spent in this place.
 B = Non-inter-level travel time spent in this place.
 C = Inter-level travel time spent in this place.
 D = Time resting spent in this place.
 E = Time spent auto-exploring this place.
 F = Levels seen in this place.
 G = Mean time per level.
                   A        B        C        D        E       F      G
               +--------+--------+--------+--------+--------+-----+--------+
         Total |   3317 |   3185 |    132 |   2246 |      6 |   1 | 3317.0 |
       Dungeon |   3317 |   3185 |    132 |   2246 |      6 |   1 | 3317.0 |
               +--------+--------+--------+--------+--------+-----+--------+

Top non-repeatable levels by time:
       D: 3317 daAuts
